General information
- name: BNet
- type: Ladder team game (AT/RT)
- host: Battle.net
- saver: Sakurelf
map: LastManStanding
- players: 8
- length: 23:09
- speed: Fast
- version: 1.26 W3XP
- replay type: Public
» download(142 KB)
Players
team 1 (winner)
yanghangjbc (
orange | 53 APM | 1220 actions | 23:09)
6 Mountain King
3 Storm Bolt
2 Bash
1 Avatar
5 Paladin
3 Devotion Aura
1 Divine Shield
1 Holy Light
» actions
| Assign group hotkey | 8 | |
| Basic commands | 111 | |
| Build / train | 96 | |
| ESC pressed | 1 | |
| Enter build submenu | 33 | |
| Enter hero's abilities submenu | 10 | |
| Remove unit from queue | 4 | |
| Right click | 320 | |
| Select / deselect | 327 | |
| Select group hotkey | 232 | |
| Use ability | 78 | |
1220 total
» units
| Peasant | 17 | |
| Footman | 8 | |
| Flying Machine | 33 | |
58 total
» upgrades
| Lumber Harvesting | 2 | |
| Gunpowder | 3 | |
| Plating | 3 | |
| Flak Cannons | 1 | |
| Flying Machine Bombs | 1 | |
10 total
» buildings
| Altar of Kings | 1 | |
| Barracks | 1 | |
| Farm | 13 | |
| Arcane Vault | 1 | |
| Lumber Mill | 3 | |
| Town Hall | 1 | |
| Scout Tower | 2 | |
| Arcane Tower | 1 | |
| Keep | 1 | |
| Guard Tower | 1 | |
| Castle | 1 | |
| Blacksmith | 1 | |
| Workshop | 3 | |
30 total
» build order
00:11 Altar of Kings
00:16 Barracks
00:34 Farm
00:51 Farm
01:46 Farm
03:05 Arcane Vault
03:14 Farm
03:28 Lumber Mill
03:52 Lumber Mill
04:45 Town Hall
04:53 Scout Tower
04:55 Scout Tower
05:04 Farm
05:33 Arcane Tower
06:32 Farm
07:12 Keep
08:47 Guard Tower
09:41 Castle
09:46 Blacksmith
10:02 Lumber Mill
10:45 Workshop
10:48 Workshop
10:51 Workshop
11:23 Farm
13:32 Farm
14:04 Farm
14:38 Farm
17:16 Farm
17:41 Farm
18:27 Farm
» items
| Lesser Clarity Potion | 3 | |
| Scroll of Regeneration | 1 | |
| Staff of Sanctuary | 1 | |
5 total

»
OG.rez (
green | 66 APM | 1535 actions | 23:09)
8 Warden
3 Shadow Strike
3 Blink
1 Spirit of Vengeance
1 Fan of Knives
» actions
| Assign group hotkey | 880 | |
| Build / train | 54 | |
| Enter build submenu | 16 | |
| Enter hero's abilities submenu | 8 | |
| Give item / drop item | 2 | |
| Remove unit from queue | 2 | |
| Right click | 318 | |
| Select / deselect | 138 | |
| Select group hotkey | 83 | |
| Use ability | 34 | |
1535 total
» units
| Wisp | 12 | |
| Hippogryph | 12 | |
| Chimaera | 13 | |
37 total
» upgrades
| Corrosive Breath | 1 | |
| Strength of the Wild | 1 | |
2 total
» buildings
| Altar of Elders | 1 | |
| Moon Well | 8 | |
| Tree of Ages | 1 | |
| Tree of Eternity | 1 | |
| Ancient of Wind | 1 | |
| Chimaera Roost | 4 | |
| Ancient of Wonders | 1 | |
| Hunter's Hall | 1 | |
18 total
» build order
00:02 Altar of Elders
00:04 Moon Well
02:28 Tree of Ages
04:49 Tree of Eternity
04:51 Ancient of Wind
04:57 Moon Well
04:58 Moon Well
06:19 Moon Well
06:21 Moon Well
07:17 Chimaera Roost
07:19 Chimaera Roost
07:22 Chimaera Roost
07:23 Chimaera Roost
07:31 Ancient of Wonders
10:32 Moon Well
10:34 Moon Well
10:37 Moon Well
11:00 Hunter's Hall
» items
PIESOFTHENORTH (
blue | 39 APM | 911 actions | 23:09)
3 Pandaren Brewmaster
2 Breath of Fire
1 Drunken Haze
» actions
| Assign group hotkey | 10 | |
| Basic commands | 12 | |
| Build / train | 42 | |
| ESC pressed | 5 | |
| Enter build submenu | 49 | |
| Enter hero's abilities submenu | 3 | |
| Give item / drop item | 1 | |
| Right click | 320 | |
| Select / deselect | 308 | |
| Select group hotkey | 102 | |
| Use ability | 59 | |
911 total
» units
| Acolyte | 7 | |
| Ghoul | 6 | |
| Centaur Outrunner | 2 | |
| Razormane Medicine Man | 1 | |
| Goblin Shredder | 1 | |
| Goblin Sapper | 4 | |
21 total
» upgrades
| Creature Carapace | 1 | |
| Creature Attack | 1 | |
| Ghoul Frenzy | 1 | |
| Cannibalize | 1 | |
| Unholy Armor | 1 | |
5 total
» buildings
| Crypt | 2 | |
| Ziggurat | 9 | |
| Nerubian Tower | 1 | |
| Graveyard | 1 | |
| Halls of the Dead | 3 | |
| Altar of Darkness | 1 | |
| Necropolis | 20 | |
| Spirit Tower | 3 | |
| Tomb of Relics | 1 | |
| Black Citadel | 1 | |
42 total
» build order
00:14 Crypt
00:27 Crypt
00:33 Ziggurat
01:07 Ziggurat
01:08 Ziggurat
01:33 Ziggurat
03:20 Nerubian Tower
03:23 Graveyard
03:50 Halls of the Dead
04:10 Altar of Darkness
04:18 Ziggurat
05:13 Necropolis
05:24 Necropolis
05:32 Necropolis
05:36 Necropolis
06:02 Spirit Tower
06:42 Necropolis
06:46 Necropolis
06:51 Necropolis
08:23 Tomb of Relics
08:25 Necropolis
08:50 Necropolis
10:09 Necropolis
10:38 Necropolis
10:41 Necropolis
10:43 Necropolis
11:08 Ziggurat
12:18 Black Citadel
12:24 Spirit Tower
12:41 Halls of the Dead
12:42 Halls of the Dead
12:53 Ziggurat
14:06 Spirit Tower
15:05 Ziggurat
15:06 Ziggurat
15:18 Necropolis
16:09 Necropolis
17:24 Necropolis
17:26 Necropolis
18:15 Necropolis
18:18 Necropolis
21:31 Necropolis
» items
| Potion of Mana | 3 | |
| Orb of Corruption | 1 | |
4 total
Lalaland (
purple | 57 APM | 1312 actions | 23:09)
6 Priestess of the Moon
3 Trueshot Aura
2 Searing Arrows
1 Starfall
» actions
| Assign group hotkey | 59 | |
| Basic commands | 39 | |
| Build / train | 73 | |
| Enter build submenu | 17 | |
| Enter hero's abilities submenu | 6 | |
| Give item / drop item | 1 | |
| Remove unit from queue | 1 | |
| Right click | 497 | |
| Select / deselect | 247 | |
| Select group hotkey | 321 | |
| Use ability | 51 | |
1312 total
» units
| Wisp | 21 | |
| Archer | 17 | |
| Druid of the Talon | 12 | |
50 total
» upgrades
| Druid of the Talon Training | 2 | |
| Improved Bows | 1 | |
| Strength of the Moon | 3 | |
| Moon Armor | 3 | |
| Mark of the Talon | 1 | |
| Marksmanship | 1 | |
| Ultravision | 1 | |
| Strength of the Wild | 1 | |
13 total
» buildings
| Ancient of War | 2 | |
| Moon Well | 8 | |
| Altar of Elders | 1 | |
| Tree of Ages | 1 | |
| Ancient of Wind | 2 | |
| Tree of Life | 1 | |
| Tree of Eternity | 1 | |
| Hunter's Hall | 2 | |
18 total
» build order
00:20 Ancient of War
00:35 Moon Well
00:49 Altar of Elders
01:47 Moon Well
02:52 Tree of Ages
03:23 Moon Well
03:41 Ancient of War
05:23 Ancient of Wind
05:25 Ancient of Wind
06:55 Moon Well
06:56 Moon Well
07:01 Moon Well
10:03 Tree of Life
10:12 Tree of Eternity
11:13 Hunter's Hall
11:16 Hunter's Hall
11:38 Moon Well
16:34 Moon Well
team 2 (loser)
witchsglands (
yellow | 55 APM | 891 actions | 16:17)
4 Death Knight
2 Death Coil
2 Unholy Aura
3 Pit Lord
1 Rain of Fire
1 Howl of Terror
1 Cleaving Attack
» actions
| Assign group hotkey | 16 | |
| Basic commands | 14 | |
| Build / train | 38 | |
| Enter build submenu | 14 | |
| Enter hero's abilities submenu | 7 | |
| Right click | 371 | |
| Select / deselect | 172 | |
| Select group hotkey | 204 | |
| Use ability | 54 | |
891 total
» units
| Acolyte | 2 | |
| Ghoul | 4 | |
| Crypt Fiend | 6 | |
| Gargoyle | 5 | |
| Frost Wyrm | 2 | |
19 total
» upgrades
| Creature Attack | 3 | |
| Creature Carapace | 2 | |
| Web | 1 | |
6 total
» buildings
| Crypt | 2 | |
| Altar of Darkness | 1 | |
| Ziggurat | 7 | |
| Graveyard | 1 | |
| Tomb of Relics | 1 | |
| Halls of the Dead | 1 | |
| Black Citadel | 1 | |
| Sacrificial Pit | 1 | |
| Boneyard | 2 | |
17 total
» build order
00:46 Crypt
00:52 Crypt
00:56 Altar of Darkness
01:03 Ziggurat
01:21 Ziggurat
01:52 Graveyard
03:02 Ziggurat
03:40 Tomb of Relics
03:48 Halls of the Dead
07:09 Black Citadel
07:12 Ziggurat
09:09 Sacrificial Pit
11:00 Boneyard
11:01 Boneyard
12:25 Ziggurat
12:27 Ziggurat
12:28 Ziggurat
» items

»
pm1 (
red | 62 APM | 1301 actions | 21:04)
4 Archmage
2 Summon Water Elemental
2 Brilliance Aura
4 Mountain King
2 Storm Bolt
2 Bash
» actions
| Assign group hotkey | 49 | |
| Basic commands | 3 | |
| Build / train | 89 | |
| Enter build submenu | 23 | |
| Enter hero's abilities submenu | 8 | |
| Right click | 478 | |
| Select / deselect | 242 | |
| Select group hotkey | 353 | |
| Use ability | 56 | |
1301 total
» units
| Peasant | 15 | |
| Footman | 8 | |
| Gryphon Rider | 7 | |
| Knight | 14 | |
| Dragonhawk Rider | 2 | |
| Frost Wyrm | 4 | |
| Crypt Fiend | 16 | |
66 total
» upgrades
| Lumber Harvesting | 2 | |
| Swords | 3 | |
| Plating | 2 | |
| Animal War Training | 1 | |
| Storm Hammers | 1 | |
| Creature Attack | 1 | |
| Creature Carapace | 1 | |
11 total
» buildings
| Altar of Kings | 1 | |
| Farm | 14 | |
| Lumber Mill | 1 | |
| Barracks | 2 | |
| Keep | 1 | |
| Arcane Vault | 1 | |
| Blacksmith | 1 | |
| Gryphon Aviary | 2 | |
| Town Hall | 1 | |
| Castle | 1 | |
25 total
» build order
00:08 Altar of Kings
00:21 Farm
00:39 Lumber Mill
00:58 Farm
01:11 Barracks
01:41 Farm
02:38 Keep
03:18 Farm
03:29 Arcane Vault
04:25 Farm
04:57 Farm
05:12 Blacksmith
05:44 Gryphon Aviary
07:10 Town Hall
08:41 Gryphon Aviary
08:43 Castle
09:10 Farm
09:17 Barracks
09:57 Farm
10:30 Farm
10:44 Farm
11:37 Farm
12:35 Farm
13:33 Farm
15:01 Farm
Sakurelf (
pink | 45 APM | 1046 actions | 23:09)
3 Death Knight
2 Death Coil
1 Unholy Aura
» actions
| Assign group hotkey | 13 | |
| Basic commands | 17 | |
| Build / train | 20 | |
| ESC pressed | 5 | |
| Enter build submenu | 50 | |
| Enter hero's abilities submenu | 3 | |
| Right click | 681 | |
| Select / deselect | 70 | |
| Select group hotkey | 103 | |
| Use ability | 84 | |
1046 total
» units
» buildings
| Altar of Darkness | 1 | |
| Necropolis | 45 | |
| Ziggurat | 1 | |
| Nerubian Tower | 1 | |
48 total
» build order
00:19 Altar of Darkness
00:55 Necropolis
01:15 Necropolis
01:34 Necropolis
01:43 Necropolis
02:11 Necropolis
02:31 Necropolis
02:58 Necropolis
03:03 Necropolis
03:19 Necropolis
03:43 Necropolis
04:12 Necropolis
04:15 Necropolis
04:34 Necropolis
05:08 Necropolis
05:28 Necropolis
05:39 Necropolis
06:32 Necropolis
06:40 Necropolis
07:17 Necropolis
07:20 Necropolis
08:01 Necropolis
08:04 Necropolis
08:08 Ziggurat
08:19 Necropolis
09:23 Nerubian Tower
10:33 Necropolis
10:39 Necropolis
10:44 Necropolis
10:57 Necropolis
11:20 Necropolis
11:44 Necropolis
12:00 Necropolis
13:30 Necropolis
13:41 Necropolis
13:56 Necropolis
16:21 Necropolis
16:22 Necropolis
16:37 Necropolis
16:42 Necropolis
16:45 Necropolis
16:49 Necropolis
17:04 Necropolis
17:14 Necropolis
17:29 Necropolis
17:40 Necropolis
18:00 Necropolis
18:26 Necropolis
» items
| Dust of Appearance | 1 | |
| Potion of Healing | 2 | |
| Potion of Mana | 2 | |
5 total

»
xMorpheusx (
teal | 31 APM | 355 actions | 11:24)
3 Lich
1 Frost Nova
1 Dark Ritual
1 Frost Armor
» actions
| Build / train | 26 | |
| Enter build submenu | 10 | |
| Enter hero's abilities submenu | 3 | |
| Right click | 223 | |
| Select / deselect | 74 | |
| Use ability | 19 | |
355 total
» units
| Acolyte | 3 | |
| Ghoul | 6 | |
| Crypt Fiend | 5 | |
14 total
» upgrades
| Creature Attack | 2 | |
| Creature Carapace | 2 | |
| Web | 1 | |
5 total
» buildings
| Altar of Darkness | 1 | |
| Ziggurat | 5 | |
| Crypt | 1 | |
| Graveyard | 1 | |
| Halls of the Dead | 1 | |
| Nerubian Tower | 1 | |
| Tomb of Relics | 1 | |
| Black Citadel | 1 | |
12 total
» build order
00:15 Altar of Darkness
00:29 Ziggurat
00:50 Crypt
01:00 Ziggurat
02:08 Graveyard
03:41 Halls of the Dead
05:02 Ziggurat
06:04 Nerubian Tower
06:17 Tomb of Relics
07:18 Ziggurat
09:18 Ziggurat
10:42 Black Citadel
Chat log
(00:10 / All) Sakurelf: wow I thought everyone had this map vetoed
(00:21 / All) Lalaland: i do..
(00:27 / All) Sakurelf: coward
(00:32 / All) OG.rez: well when u have hurricane isles..
(00:35 / All) Sakurelf: OMG A MAP IS NONSTANDARD I AM TOO SCURRED TO PLAY IT
(00:41 / All) Sakurelf: we dont have hurricane isle anymore
(00:42 / All) Sakurelf: noob
(00:45 / All) Lalaland: lol
(00:47 / All) Sakurelf: learn to read the WC3 forums
(00:55 / All) OG.rez: i dont read wc3 forums
(00:57 / All) OG.rez: cuz im not a fag
(01:01 / All) Lalaland: lol
(01:03 / All) PIESOFTHENORTH: Or alternatively, look at the play game map pool
(01:05 / All) Lalaland: true
(01:06 / All) Sakurelf: not reading the forums makes you a faggot
(01:09 / All) Lalaland: thats what i did
(01:17 / All) OG.rez: lol
(01:20 / All) OG.rez: i play for fun when im high
(01:23 / All) OG.rez: i dont really care
(01:24 / All) OG.rez: stfu
(01:27 / All) Sakurelf: lol "i play for fun"
(01:28 / All) Lalaland: haha
(01:29 / All) Sakurelf: in before ghetto
(01:31 / All) xMorpheusx: high on cumm
(01:32 / All) Lalaland: pink you gay man
(01:37 / All) Lalaland: straight nerd
(01:41 / All) xMorpheusx: from my cock that green loves so much
(01:41 / All) Lalaland: go get some puss
(01:43 / All) Lalaland: hit a jay
(01:45 / All) Lalaland: chill out
(01:48 / All) Sakurelf: hey pies
(01:49 / All) OG.rez: amen
(01:51 / All) PIESOFTHENORTH: Bad enough we're on fuckin Lordaeron
(01:56 / All) OG.rez: i got bitches left and right, not forums
(01:59 / All) PIESOFTHENORTH: but someone who's "playing for fun" on lordaeron
(02:03 / All) Sakurelf: I'm gonna post this replay on highper.ch just in the hopes that the real sakurelf googles herself oneday, lol
(02:14 / All) PIESOFTHENORTH: k[
(02:16 / All) Lalaland: huh
(02:17 / All) OG.rez: HAHAHA
(02:20 / All) OG.rez: fucking loser
(02:25 / All) PIESOFTHENORTH: You have OG in your name.
(02:27 / All) Sakurelf: yeah I named this smurf after some WoW chick
(02:28 / All) PIESOFTHENORTH: Quit talking.
(02:33 / All) Sakurelf: and that
(02:33 / All) OG.rez: i like OG kush
(02:35 / All) OG.rez: thats why
(02:43 / All) Lalaland: sour d my ish
(02:43 / All) PIESOFTHENORTH: It's still named after something
(02:45 / All) Sakurelf: you're a freak green
(02:50 / All) Lalaland: yumm
(03:05 / All) OG.rez: when ur bank account looks like 1/100th of mine, start talking
(03:12 / All) xMorpheusx: rofl
(03:17 / All) Sakurelf: stfu noob I make $3000 a day on the D3 RMAH
(03:21 / All) xMorpheusx: keep dreaming cockboi
(03:27 / All) OG.rez: lmfao
(03:37 / All) xMorpheusx: greens funny cockboi
(03:49 / All) PIESOFTHENORTH: I make more than that on the highper.ch rmah
(03:54 / All) Sakurelf: lawl
(04:03 / Allies) xMorpheusx: wtf u dong pink?
(04:09 / Allies) Sakurelf: don't worry blue is doing the same
(04:15 / Allies) xMorpheusx: ?
(04:32 / All) Lalaland: lol everyone starts playin
(04:48 / All) PIESOFTHENORTH: ?
(05:04 / All) Sakurelf: lol pies those fucking creeps by the close expo keep aggroing me ><
(05:25 / All) OG.rez: pink wtf u doing
(05:41 / All) xMorpheusx: ahahah
(05:46 / All) xMorpheusx: want some more cock
(05:52 / All) Lalaland: yes
(05:54 / All) Lalaland: please
(06:23 / All) xMorpheusx: cockboi where u at
(06:27 / All) PIESOFTHENORTH: lol
(06:27 / All) OG.rez: go buy dust fag
(06:33 / All) xMorpheusx: where u at
(06:37 / All) xMorpheusx: peekaboo
(06:41 / All) OG.rez: u guys are retarded
(06:44 / All) OG.rez: massing necropolis'
(06:57 / All) xMorpheusx: where u at faggot
(06:58 / All) OG.rez: sitting here preventing u from xp
(06:59 / All) OG.rez: gj!
(07:11 / Allies) Sakurelf: hes sitting there shadowmelded lol dust him
(07:21 / Allies) xMorpheusx: lol no shit
(08:18 / Allies) xMorpheusx: y do this shit pink./
(08:28 / Allies) Sakurelf: well if you'd scout the other team you'd understand
(08:41 / Allies) xMorpheusx: too lazy to
(08:42 / Allies) xMorpheusx: lol
(08:59 / Allies) Sakurelf: oh god the horror, the thought that you'd use tactics and intelligence in a game based on it
(09:22 / All) PIESOFTHENORTH: hmm
(09:26 / Allies) witchsglands: someone get mine
(09:28 / Allies) witchsglands: hell
(09:28 / All) PIESOFTHENORTH: thought I saw a cloak of shadows somewhere
(09:31 / All) PIESOFTHENORTH: But I can't find it
(11:24 / Allies) pm1: you got him yellow?
(11:26 / All) Sakurelf: dont worry, in battle.net 2.0 dropped players can rejoin
(11:27 / All) Sakurelf: oh
(11:28 / Allies) witchsglands: sure
(11:28 / All) Sakurelf: wait
(11:38 / All) PIESOFTHENORTH: Nah
(11:42 / All) PIESOFTHENORTH: That's not a feature
(11:50 / All) PIESOFTHENORTH: But you can get funds stolen by buying items!
(12:10 / All) PIESOFTHENORTH: It's ok, they're here to protect you from the black market kind of stuff where the buyer gets screwed and loses money!!
(12:12 / All) PIESOFTHENORTH: hurrhurrhurr
(12:14 / Allies) Sakurelf: tanks
(12:38 / Allies) Sakurelf: chims
(12:49 / Allies) witchsglands: wtf??
(12:50 / Allies) Sakurelf: archers
(13:07 / Allies) Sakurelf: talons
(13:14 / Allies) Sakurelf: so you're against tanks/chims/archers/talons
(13:16 / Allies) Sakurelf: take note
(13:36 / Allies) Sakurelf: take that mine someone
(13:38 / Allies) Sakurelf: I dont want it
(14:34 / All) PIESOFTHENORTH: So there's no goblin shops on this map?
(14:38 / All) OG.rez: nope
(14:42 / All) OG.rez: real homo
(14:43 / All) PIESOFTHENORTH: k just making sure
(14:45 / All) Sakurelf: nup :/
(14:52 / All) Sakurelf: 2 roosts though
(14:56 / All) PIESOFTHENORTH: I don't mind it really just wanted to make sure I wasn't blind or something
(15:16 / All) PIESOFTHENORTH: I'm creeping the air with towers by the way
(15:20 / All) Sakurelf: lawl
(15:38 / All) PIESOFTHENORTH: Towers including halls of the dead
(15:54 / All) Lalaland: lol
(16:29 / All) Sakurelf: lol and I told them 10 minutes ago what you all had
(16:32 / All) Sakurelf: yet they still made knights
(16:32 / All) PIESOFTHENORTH: Did you guys mass melee or something
(16:36 / All) PIESOFTHENORTH: ahuehauehuaehuaheuh
(16:38 / All) OG.rez: u r blue
(16:40 / All) OG.rez: we know
(16:50 / All) OG.rez: do u enjoy playing on 2 teams
(16:58 / All) PIESOFTHENORTH: well
(17:01 / All) PIESOFTHENORTH: We've been found out pink
(17:05 / All) Sakurelf: O SHIT
(17:08 / All) Lalaland: lol
(17:12 / All) PIESOFTHENORTH: The World's Greatest Detective™ is on to us.
(17:19 / All) Sakurelf: BETTER REPORT US TO THE INTERNET POLICE
(17:23 / All) OG.rez: u should spend time IRL
(17:25 / All) OG.rez: getting girls
(17:30 / All) Lalaland: u have no life blue pink
(17:34 / All) Sakurelf: nah I'm afraid of vaginas
(17:36 / All) PIESOFTHENORTH: Yeah ok, Why would I do that
(17:39 / All) PIESOFTHENORTH: When I could play warcraft 3?
(18:07 / All) Sakurelf: I like how red hasnt said a word all game
(18:11 / All) Sakurelf: RED DO YOU SPEAK ENGLISH???
(18:19 / All) OG.rez: cuz he doesnt play for in game chat
(18:21 / All) OG.rez: unlike you
(18:21 / All) OG.rez: Fag
(18:36 / All) Sakurelf: I play for fun™
(18:39 / All) PIESOFTHENORTH: Whatever helps you sleep at night
(19:00 / All) PIESOFTHENORTH: "All in all, it was a good day. I called a stranger over the internet a faggot"
(21:45 / All) PIESOFTHENORTH: Sheesh
(21:50 / All) PIESOFTHENORTH: How many of those things are there?
(23:04 / All) Sakurelf: hey sakurelf, if you ever google yourself: find me at teelosdomain.net <3